 Dungeon Crawl Stone Soup version 0.23-a0-435-g79ed067 (webtiles) character file.

142 pooppope the Ruffian (level 5, 0/52 HPs)
             Began as a Troll Monk on Nov 15, 2018.
             Slain by a kobold (1 damage)
             ... on level 3 of the Dungeon.
             The game lasted 00:02:16 (1624 turns).

pooppope the Ruffian (Troll Monk)                   Turns: 1624, Time: 00:02:16

Health: 0/52       AC:  5    Str: 24    XL:     5   Next: 3%
Magic:  4/4        EV: 11    Int:  7    God:
Gold:   126        SH:  0    Dex: 12    Spells: 4/4 levels left

rFire    . . .     SeeInvis .     - Unarmed
rCold    . . .     Gourm    +   (no shield)
rNeg     . . .     Faith    .   a - +0 robe
rPois    .         Spirit   .   (helmet restricted)
rElec    .         Reflect  .   (no cloak)
rCorr    .         Harm     .   (gloves unavailable)
MR       .....                  (boots unavailable)
Stlth    ++........             (no amulet)
HPRegen  0.57/turn              (no ring)
MPRegen  0.09/turn              (no ring)

@: mighty, lethally poisoned (0 -> -1)
A: large, unfitting armour, claws 3, fast metabolism 3, gourmand, regeneration
1, shaggy fur 1, tough skin 2
a: no special abilities


You were on level 3 of the Dungeon.
You were very full.

You visited 1 branch of the dungeon, and saw 3 of its levels.

You collected 126 gold pieces.

Inventory:

Hand Weapons
 m - a +0 vampiric spear
Armour
 a - a +0 robe (worn)
Scrolls
 c - a scroll of identify {unknown}
 e - a scroll of magic mapping {unknown}
 f - a scroll of blinking {unknown}
 g - a scroll of fear {unknown}
 h - a scroll of remove curse {unknown}
 i - a scroll of random uselessness {unknown}
 n - 2 scrolls of teleportation {unknown}
 o - a scroll of noise {unknown}
Potions
 d - a potion of might
 j - a potion of brilliance {unknown}
 k - a potion of haste {unknown}
 p - a potion of curing {unknown}
Comestibles
 b - 6 rations
 l - 6 chunks of flesh


   Skills:
 + Level 2.8 Fighting
 + Level 3.3 Dodging
 + Level 1.2 Stealth
 + Level 4.5 Unarmed Combat


You had 4 spell levels left.
You didn't know any spells.
Your spell library was empty.

Dungeon Overview and Level Annotations

Branches:
Dungeon (3/15)

Altars:
Trog


Innate Abilities, Weirdness & Mutations

You are too large for most types of armour.
You have claws for hands.
Your metabolism is lightning-fast.
You like to eat raw meat.
Your natural rate of healing is unusually fast.
You are covered in fur. (AC +1)
You have very tough skin. (AC +2)


Message History

You feel sick.
* * * LOW HITPOINT WARNING * * *
You feel sick.
* * * LOW HITPOINT WARNING * * *
You feel sick.
* * * LOW HITPOINT WARNING * * *
You feel sick.
* * * LOW HITPOINT WARNING * * *
You feel sick.
* * * LOW HITPOINT WARNING * * *
You feel sick.
* * * LOW HITPOINT WARNING * * *
You feel sick.
* * * LOW HITPOINT WARNING * * *
You feel sick.
It was a potion of might.
You feel very mighty all of a sudden.
* * * LOW HITPOINT WARNING * * *
You feel sick. The kobold hits you.
You die...

.. #.. ....# ....#.# ####.#.#
?.....# ......# .....# ##...#.#
####.. ..$..### #....#<###......
....##.. #.......÷..## .......###
####....#..#...#####
..........####.K@................
g.........g.g...#..8..#..........
...###.##.##.÷..##...##........##
g#####.g....÷...#######....[.....
###..g.###......# #........#.
g...##..#..##...#. #........#
######....###...... ..........# #
#....#......##...............#
....######....................##


You could see 2 gnolls and a kobold.

Vanquished Creatures
  A howler monkey (D:2)
  3 adders (D:2)
  An ooze (D:1)
  A dart slug (D:1)
  3 leopard geckos (D:1)
  7 bats
  4 giant cockroaches
  8 goblins
  7 hobgoblins
  8 jackals (D:2)
  6 kobolds
  2 quokkas (D:2)
  6 frilled lizards
  4 rats
61 creatures vanquished.

Notes
Turn   | Place    | Note
-------+----------+-------------------------------------------
     0 | D:1      | pooppope the Troll Monk began the quest for the Orb.
     0 | D:1      | Reached XP level 1. HP: 22/22 MP: 0/0
    33 | D:1      | Reached XP level 2. HP: 27/29 MP: 1/1
   500 | D:1      | Reached XP level 3. HP: 36/36 MP: 2/2
   847 | D:2      | Reached skill level 4 in Unarmed Combat
   915 | D:2      | Reached XP level 4. HP: 31/44 MP: 3/3
   923 | D:2      | Found a bloodstained altar of Trog.
  1337 | D:2      | Reached XP level 5. HP: 50/52 MP: 4/4
  1618 | D:3      | HP: 2/52 [poisoned by a gnoll]
  1624 | D:3      | HP: 1/52 [poisoned by a gnoll]
  1624 | D:3      | Slain by a kobold

Vault maps used:
D:1:      doesnt_arrival_eight_statues, st_stairs_3
D:2:      minmay_door_path, bloody_trog
D:3:      mrwooster_statue_mirror

Skill      XL: |  1  2  3 |
---------------+----------+-----
Dodging        | 3 |  3.3
Unarmed Combat | 4 |  4.5
Fighting       | |  2.8
Stealth        | |  1.2

Action                   |  1- 3 |  4- 6 || total
-------------------------+-------+-------++-------
Melee: Unarmed           |   129 |    40 ||   169
       Punch             |       |     1 ||     1
  Use: Potion            |       |     1 ||     1
 Stab: Sleeping          |     3 |     2 ||     5
  Eat: Chunk             |    14 |     6 ||    20
Armor: Robe              |    35 |     9 ||    44
Dodge: Dodged            |    81 |    23 ||   104

Table legend:
 A = Non-vault XP
 B = Vault XP
 C = Vault XP percentage of total XP
 D = Non-vault monster count
 E = Vault monster count
 F = Vault count percentage of total count
                 A         B        C        D         E       F
            +---------+---------+-------+---------+---------+-------
      Total |     191 |      12 |   5.9 |      55 |       6 |   9.8
            +---------+---------+-------+---------+---------+-------
        D:1 |      50 |       8 |  13.8 |      24 |       3 |  11.1
        D:2 |     137 |       4 |   2.8 |      28 |       3 |   9.7
        D:3 |       4 |       0 |   0.0 |       3 |       0 |   0.0
            +---------+---------+-------+---------+---------+-------
